 Dungeon Crawl Stone Soup version 0.13.1-28-g3517093 (webtiles) character file.

112 Russie the Chopper (level 4, -4/40 HPs)
             Began as a Minotaur Berserker on Mar 13, 2014.
             Was a Believer of Trog.
             Killed by divine providence
             ... invoked by an orc priest
              (8 damage)
             ... on Level 3 of the Dungeon.
             The game lasted 00:02:13 (374 turns).

Russie the Chopper (Minotaur Berserker)              Turns: 374, Time: 00:02:13

HP  -4/40        AC  8     Str 22      XL: 4   Next: 14%
MP   1/1         EV  9     Int  4      God: Trog [**....]
Gold 35          SH  0     Dex 10      Spells:  0 memorised,  3 levels left

Res.Fire  : . . .   See Invis. : .   a - +0 hand axe {=f}
Res.Cold  : . . .   Warding    : .   d - +2 scale mail {rN+}
Life Prot.: + . .   Conserve   : .   (no shield)
Res.Poison: .       Res.Corr.  : .   (helmet restricted)
Res.Elec. : .       Clarity    : .   (no cloak)
Sust.Abil.: . .     Spirit.Shd : .   (no gloves)
Res.Mut.  : .       Stasis     : .   (no boots)
Res.Rott. : .       Flight     : .   (no amulet)
Saprovore : . . .                    (no ring)
                                     (no ring)

@: regenerating, exhausted, slowed, very slow, quite resistant to hostile
enchantments, extremely unstealthy
A: retaliatory headbutt, horns 2
a: Burn Spellbooks, Berserk, Trog's Hand, Renounce Religion


You were on level 3 of the Dungeon.
You worshipped Trog.
Trog was pleased with you.
You were not hungry.

You visited 1 branch of the dungeon, and saw 3 of its levels.

You collected 15 gold pieces.

Inventory:

Hand weapons
 a - a +0,+0 hand axe (weapon) {=f}
Missiles
 g - 7 javelins (quivered)
Armour
 b - a +0 animal skin
 d - a +2 scale mail of positive energy (worn)
Comestibles
 c - 3 bread rations
 f - 15 strawberries
Scrolls
 e - a scroll of magic mapping {unknown}


   Skills:
 + Level 4.2 Fighting
 * Level 5.2 Axes
 + Level 3.1 Armour
 - Level 2.1 Dodging


You had 3 spell levels left.
You didn't know any spells.

Dungeon Overview and Level Annotations

Branches:
Dungeon (3/27)

Altars:


Innate Abilities, Weirdness & Mutations

You reflexively headbutt those who attack you in melee.
You have a pair of horns on your head.


Message History

Things that are here:
a flail; a gnoll corpse You offer a prayer to Trog.
The gnoll corpse is slowly consumed by flames.
Trog is pleased with you.
The orc priest calls down the wrath of Beogh upon you.
You resist.
The orc priest invokes the aid of Beogh against you.
Something smites you!
* * * LOW HITPOINT WARNING * * *
2 orcs come into view.
The orc priest looks braver.
Use which ability? (? or * to list)
Your skin crawls.
You feel resistant to hostile enchantments.
You feel slightly more hungry.
The orc priest looks braver.
The orc priest mumbles some strange prayers to Beogh against you.
Something smites you!
You die...

#...##o......
#...##.......#
#.$.##.........
#...##...o......
#...##..........
#...##........# ..#
#...##).......#
.....#
#.....).).....#
......#
#..@..........#
.......#
#...##........#
#.......#
#...##........#
#.......#
#...##..###......
#.......# #...##..#
...##.
#.......####...##..#
...#
#..............##..#
..#
#..............##..#
..#
#.......####...##..#
.


You could see an orc priest.

Vanquished Creatures
  4 gnolls (D:3)
  An adder (D:3)
  A worm (D:3)
  An ooze (D:3)
  An orc (D:3)
  2 bats (D:3)
  3 giant cockroaches
  2 goblins
  2 hobgoblins (D:3)
  4 giant newts
  2 kobolds
  3 rats (D:1)
26 creatures vanquished.

Notes
Turn   | Place    | Note
--------------------------------------------------------------
     0 | D:1      | Russie, the Minotaur Berserker, began the quest for the Orb.
     0 | D:1      | Reached XP level 1. HP: 19/19 MP: 0/0
    76 | D:1      | Reached skill level 4 in Axes
   218 | D:3      | Reached XP level 2. HP: 21/26 MP: 0/0
   284 | D:3      | Acquired Trog's second power
   326 | D:3      | Reached XP level 3. HP: 26/33 MP: 1/1
   349 | D:3      | Reached skill level 5 in Axes
   353 | D:3      | Reached XP level 4. HP: 17/40 MP: 1/1
   369 | D:3      | Noticed an orc priest
   369 | D:3      | Noticed an orc priest
   370 | D:3      | HP: 1/40 [orc priest/divine providence (10)]
   374 | D:3      | Killed from afar by an orc priest

Action                   |  1- 3 |  4- 6 || total
-------------------------+-------+-------++-------
Melee: Hand axe          |    55 |     8 ||    63
Invok: Berserk           |     1 |       ||     1
       Trog's Hand       |       |     1 ||     1
